AoeStats
← 客官

Fortress

507521066Analyzed
4v4 RM · 14d ago on Sep 18, 2026· 52m 42s· 8 players
Game mode
Random Map
Map size
Huge
Population
200
Speed
Normal
Resources
Standard
Victory
Conquest
Starting age
Dark Age
Ending age
Imperial Age
RankedLock teamsTeams togetherTeam positionsShared explorationLock speedFull tech treeHidden civsTurbo modeCheats
Victory
Defeat
🇩🇪 Teutons · Germany
1463
+15
🇩🇪 Persians · Germany
1461
+15
🇭🇰 Saracens · Hong Kong SAR China
1429
+16
🇨🇳 Magyars · China
1351
+19
🇪🇸 Britons · Spain
1522
-21
🇹🇼 Berbers · Taiwan
1494
-19
🇭🇰 Vietnamese · Hong Kong SAR China
1364
-13
🇦🇷 Franks · Argentina
1335
-12
302
8:16 Feudal Age
11:57 Castle Age
10:07 Horse Collar
10:40 Double-Bit Axe
15:41 Wheelbarrow
16:23 Bow Saw
17:40 Heavy Plow
18:45 Hand Cart
20:42 Loom
24:43 Imperial Age
22:33 Fletching
22:37 Gold Mining
22:43 Town Watch
23:34 Bodkin Arrow
23:39 Padded Archer Armor
24:07 Ballistics
26:45 Two-Man Saw
25:32 Elite Rattan Archer
27:25 Bracer
28:11 Leather Archer Armor
28:23 Thumb Ring
29:42 Ring Archer Armor
30:15 Paper Money
30:01 Scale Barding Armor
31:44 Chemistry
31:30 Bloodlines
31:20 Husbandry
32:38 Chain Barding Armor
32:29 Forging
34:33 Chatras
35:09 Plate Barding Armor
35:09 Iron Casting
34:57 Elite Battle Elephant
40:06 Light Cavalry
42:01 Elite Skirmisher
44:52 Imperial Skirmisher
48:49 Caravan
48:59 Guilds
Puskas
7:36 Feudal Age
11:35 Castle Age
9:54 Double-Bit Axe
10:12 Horse Collar
12:54 Bow Saw
15:21 Loom
17:29 Fletching
18:54 Bodkin Arrow
19:23 Gold Mining
21:41 Ballistics
22:11 Wheelbarrow
25:26 Imperial Age
24:27 Gold Shaft Mining
23:44 Stone Mining
24:53 Padded Archer Armor
26:19 Leather Archer Armor
26:09 Bracer
27:13 Chemistry
27:05 Conscription
29:14 Two-Man Saw
28:53 Ring Archer Armor
29:21 Elite Longbowman
34:24 Light Cavalry
35:04 Husbandry
35:16 Forging
35:11 Scale Barding Armor
38:34 Chain Barding Armor
Bear
7:57 Feudal Age
12:05 Castle Age
10:46 Double-Bit Axe
15:41 Wheelbarrow
16:55 Town Watch
16:56 Loom
25:45 Imperial Age
23:24 Husbandry
24:52 Scale Barding Armor
24:58 Forging
26:33 Chain Barding Armor
27:05 Iron Casting
26:23 Cavalier
28:16 Plate Barding Armor
28:15 Fletching
30:22 Blast Furnace
31:47 Bodkin Arrow
32:28 Paladin
42:12 Elite Skirmisher
44:09 Light Cavalry
46:50 Caravan
47:10 Elite Skirmisher
JamesPower 小龐
7:27 Feudal Age
5:56 Loom
11:01 Castle Age
8:47 Horse Collar
9:14 Double-Bit Axe
13:37 Wheelbarrow
17:54 Town Watch
24:27 Imperial Age
22:31 Gold Mining
23:58 Kasbah
23:52 Fletching
24:31 Bow Saw
24:31 Scale Barding Armor
24:36 Heavy Plow
25:34 Bloodlines
25:46 Chain Barding Armor
25:28 Cavalier
26:10 Husbandry
28:17 Plate Barding Armor
28:27 Forging
28:40 Conscription
29:04 Heavy Camel Rider
31:03 Iron Casting
33:41 Blast Furnace
33:04 Ballistics
33:44 Chemistry
34:02 Bodkin Arrow
34:20 Masonry
35:00 Elite Genitour
35:19 Pikeman
36:00 Squires
36:08 Light Cavalry
37:19 Bracer
37:21 Padded Archer Armor
37:18 Murder Holes
37:04 Treadmill Crane
37:34 Fortified Wall
37:43 Thumb Ring
38:11 Scale Mail Armor
39:18 Coinage
39:56 Caravan
40:11 Guilds
40:29 Arson
41:53 Hand Cart
41:46 Caravan
42:09 Elite Skirmisher
46:16 Stone Mining
47:04 Gold Shaft Mining
50:02 Hussar
51:13 Leather Archer Armor
51:14 Chain Mail Armor
50:43 Elite Camel Archer
kenny yip
6:46 Feudal Age
10:39 Castle Age
8:45 Double-Bit Axe
9:26 Horse Collar
12:02 Bow Saw
17:46 Wheelbarrow
19:15 Loom
19:35 Stone Mining
20:58 Hand Cart
20:39 Gold Mining
21:36 Fletching
22:01 Heavy Plow
23:05 Gold Shaft Mining
26:26 Imperial Age
24:23 Scale Barding Armor
25:01 Forging
25:22 Bloodlines
25:33 Husbandry
25:37 Caravan
26:32 Chain Barding Armor
26:47 Capped Ram
27:11 Elite Mameluke
28:55 Plate Barding Armor
29:27 Conscription
28:59 Siege Ram
31:03 Iron Casting
31:42 Coinage
31:19 Light Cavalry
33:23 Blast Furnace
33:39 Hussar
35:37 Banking
gamelnderGamler
7:05 Feudal Age
11:27 Castle Age
10:14 Double-Bit Axe
10:21 Horse Collar
12:58 Bow Saw
14:39 Loom
17:21 Padded Archer Armor
19:40 Wheelbarrow
19:04 Fletching
19:57 Leather Archer Armor
21:03 Hand Cart
20:41 Elite Skirmisher
22:09 Bodkin Arrow
23:41 Ballistics
27:14 Imperial Age
24:55 Gold Mining
26:22 Scale Mail Armor
26:20 Pikeman
27:00 Squires
26:45 Arson
28:59 Two-Man Saw
28:33 Ring Archer Armor
29:20 Chemistry
29:14 Crenellations
29:08 Masonry
29:49 Chain Mail Armor
29:16 Halberdier
30:08 Forging
30:24 Conscription
30:48 Siege Engineers
31:25 Plate Mail Armor
31:09 Onager
32:33 Forging
32:56 Plate Mail Armor
32:36 Forging
33:27 Fortified Wall
33:58 Siege Onager
34:46 Siege Engineers
36:00 Iron Casting
39:04 Ironclad
40:14 Hoardings
42:12 Blast Furnace
42:16 Caravan
42:29 Guilds
42:20 Caravan
47:35 Scale Barding Armor
51:09 Bloodlines
50:19 Cavalier
51:48 Chain Barding Armor
52:32 Paladin
53:48 Plate Barding Armor
hermelin*?
8:59 Feudal Age
12:39 Castle Age
10:47 Double-Bit Axe
11:08 Horse Collar
13:27 Bow Saw
15:36 Gold Mining
17:06 Wheelbarrow
20:38 Town Watch
20:38 Loom
21:17 Heavy Plow
22:07 Stone Mining
25:27 Hand Cart
29:28 Imperial Age
27:09 Husbandry
27:19 Bloodlines
27:34 Scale Barding Armor
27:40 Forging
28:25 Gold Shaft Mining
29:08 Coinage
29:00 Chain Barding Armor
28:54 Caravan
29:45 Iron Casting
29:09 Cavalier
30:06 Guilds
30:50 Plate Barding Armor
31:20 Banking
32:44 Blast Furnace
31:46 Savar
33:12 Conscription
35:06 Stone Shaft Mining
36:11 Kamandaran
36:25 Citadels
37:53 Fletching
38:04 Padded Archer Armor
39:06 Chemistry
38:17 Masonry
38:02 Murder Holes
40:01 Bodkin Arrow
40:22 Leather Archer Armor
49:30 Crop Rotation
52:12 Hoardings
52:54 Architecture
客官
7:12 Feudal Age
11:42 Castle Age
9:54 Horse Collar
10:22 Double-Bit Axe
15:36 Wheelbarrow
15:14 Bow Saw
18:08 Loom
18:43 Gold Mining
18:49 Stone Mining
20:25 Town Watch
21:13 Hand Cart
21:02 Heavy Plow
21:17 Gold Mining
24:13 Gold Shaft Mining
26:58 Imperial Age
24:45 Fletching
24:57 Padded Archer Armor
25:25 Bodkin Arrow
25:52 Thumb Ring
27:29 Leather Archer Armor
28:06 Conscription
27:22 Heavy Cavalry Archer
28:27 Parthian Tactics
29:24 Parthian Tactics
29:01 Bracer
29:32 Ring Archer Armor
30:03 Chemistry
29:23 Ballistics
29:16 Masonry
30:13 Light Cavalry
31:03 Bloodlines
30:53 Husbandry
31:36 Scale Barding Armor
31:44 Siege Engineers
31:23 Hussar
33:23 Chain Barding Armor
34:01 Treadmill Crane
34:37 Recurve Bow
39:41 Plate Barding Armor
39:30 Conscription
42:12 Capped Ram
Connection lost

Rejoining the realm…

Still unreachable

The connection could not be restored.

Session expired

The server has moved on; the page needs a fresh start.